Cogmind - Beta 13 @@@ ROGUE MODE // 2024.04.10 @ 19:06:50 Player: Evilsquid Result: Self-destructed Performance ------------- Evolutions (0) 0 Regions Visited (4) 800 Robots Destroyed (22) 110 Value Destroyed (392) 392 Prototype IDs (38) 760 Alien Tech Used (0) 0 Bonus (-499) -499 TOTAL SCORE: 1563 Bonus ------- Follower Combat Kills 103 Aligned with FarCom 300 Friendly Fire -902 Cogmind --------- Core Integrity 3/250 Matter 300/300 Energy 250/250 System Corruption 0% Temperature Cool (0) Movement Treading (320) Ox2 Location -9/Mines Parts ------- > --- POWER (1) -------- Ion Engine > --- PROPULSION (2) --- Light Treads > --- UTILITY (2) ------ High-capacity Storage Unit > --- WEAPON (2) ------- Light Assault Rifle Heavy Assault Rifle > --- INVENTORY (20) --- Ion Engine Light Ion Engine Light Treads Improved Heat Sink Humpback Humpback Modified TNC Targeting Computer Utility Shielding Light Assault Rifle Light Assault Rifle Grenade Launcher Grenade Launcher Rocket Launcher Datajack Mining Laser Hammer Ripper Peak State ------------ > --- POWER ------------ Light Nuclear Core > --- PROPULSION ------- Light Treads Light Treads > --- UTILITY ---------- High-capacity Storage Unit Light Armor Plating > --- WEAPON ----------- Light Assault Rifle Heavy Assault Rifle > --- INVENTORY -------- Ion Engine Ion Engine Light Ion Engine Light Treads Light Treads Improved Heat Sink Small Storage Unit High-capacity Matter Pod Seismic Detector Targeting Computer Targeting Computer Utility Shielding Assault Rifle Light Assault Rifle Grenade Launcher Grenade Launcher Mining Laser Hammer [Rating: 12] Favorites ----------- Power Ion Engine Engine Ion Engine Power Core Light Nuclear Core Propulsion Light Treads Treads Light Treads Utility High-capacity Storage Unit Device Seismic Detector Storage High-capacity Storage Unit Protection Light Armor Plating Weapon Light Assault Rifle Ballistic Gun Light Assault Rifle Special Weapon Mining Laser Special Melee Weapon Datajack Build | -11 -10 -10 -10 -9 ------- Run | Yrd Mat Min Exi Min Slots Evolved . | . . . . . Power . | . . . . . Propulsion . | . . . . . Utility . | . . . . . Weapon . | . . . . . Parts Attached 26 | 7 2 12 5 . Power 3 | 1 1 1 . . Engine 2 | 1 . 1 . . Core 1 | . 1 . . . Reactor . | . . . . . Propulsion 5 | 2 . 2 1 . Treads 5 | 2 . 2 1 . Leg . | . . . . . Wheel . | . . . . . Hover . | . . . . . Flight . | . . . . . Utility 5 | 2 1 1 1 . Device 1 | 1 . . . . Storage 2 | 1 1 . . . Processor . | . . . . . Hackware . | . . . . . Protection 2 | . . 1 1 . Artifact . | . . . . . Weapon 13 | 2 . 8 3 . Energy Gun . | . . . . . Energy Cannon . | . . . . . Ballistic Gun 9 | 2 . 5 2 . Ballistic Cannon . | . . . . . Launcher . | . . . . . Special Weapon 2 | . . 1 1 . Impact Weapon . | . . . . . Slashing Weapon . | . . . . . Piercing Weapon . | . . . . . Special Melee Weapon 2 | . . 2 . . Unidentified Prototypes . | . . . . . Parts Lost 2 | . . . . 2 Power . | . . . . . Propulsion 1 | . . . . 1 Utility 1 | . . . . 1 Weapon . | . . . . . Highest Loss Streak 2 | . . . . 2 To Critical Strikes . | . . . . . Average Slot Usage (%) 97 | . 100 99 92 98 Engine 7 | . 5 2 14 14 Core 6 | . 8 11 . . Treads 27 | . 28 28 28 27 Device 4 | . 14 . . . Storage 14 | . 14 14 14 14 Protection 9 | . . 13 13 13 Ballistic Gun 18 | . 28 25 . 28 Special Weapon 2 | . . 1 7 . Special Melee Weapon 4 | . . . 14 . Naked Turns . | . . . . . Heaviest Build 52 | 14 49 52 52 52 Greatest Support 40 | 40 40 40 40 40 Greatest Overweight (x) 2 | . 1 1 1 2 Average Overweight (x) . | . . 1 1 1 Largest Inventory Capacity 20 | 8 20 20 20 20 Average Capacity 19 | 7 18 20 20 20 Most Carried 20 | 1 13 20 20 20 Average Carried 15 | . 8 19 19 20 Final Capacity 20 | 8 20 20 20 20 Final Carried 20 | 1 13 20 20 20 Class Distribution -------------------- 68% | Mutant 31% | Scavenger-Mutant Dominant Class ---------------- Mutant | -10/Materials Scavenger-Mutant | -10/Mines Mutant | -10/Exiles Mutant | -9/Mines Resources | -11 -10 -10 -10 -9 ----------- Run | Yrd Mat Min Exi Min Matter Collected 894 | 310 336 169 29 50 Remotely . | . . . . . Salvage Created 669 | 136 273 202 . 58 Parts 40 | 6 15 15 . 4 Haulers Intercepted 1 | . 1 . . . Recyclers Shooed 3 | 1 1 1 . . Parts Field Recycled . | . . . . . Retrieved Matter . | . . . . . Parts Self-Destructed . | . . . . . Prevented . | . . . . . Kills | -11 -10 -10 -10 -9 ------- Run | Yrd Mat Min Exi Min Combat Hostiles Destroyed 17 | . 7 6 . 4 Guns 17 | . 7 6 . 4 Classes Destroyed 10 | 2 4 3 1 . Builder 1 | . . 1 . . Tunneler 2 | 2 . . . . Hauler 1 | . 1 . . . Recycler 1 | 1 . . . . Turret 2 | . . . 2 . Watcher 1 | . 1 . . . Swarmer 10 | . 4 2 . 4 Grunt 4 | . 3 1 . . Sentry 2 | . . 2 . . Assembled 1 | . . 1 . . Best Kill Streak 4 | 3 3 2 . 4 Combat Bots Only 4 | . 3 2 . 4 Max Kills in Single Turn 1 | 1 1 1 1 1 Gunslinging . | . . . . . Exploded . | . . . . . Melee . | . . . . . Uniques/NPCs Destroyed . | . . . . . Combat | -11 -10 -10 -10 -9 -------- Run | Yrd Mat Min Exi Min Hostile Shots Fired 96 | . 38 23 . 35 Missed 22 | . 10 3 . 9 Damage Taken 1044 | . 314 297 . 433 Core 247 | . 124 71 . 52 Absorbed by Shields . | . . . . . Core Remaining (%) 100 | 100 . . . . Volleys Fired 111 | 10 29 16 51 5 Largest 2 | 2 2 2 1 2 Hottest 123 | 40 40 123 100 43 Shots Fired 171 | 20 58 32 51 10 Gun 119 | 20 58 31 . 10 Cannon . | . . . . . Launcher . | . . . . . Special 52 | . . 1 51 . Kinetic 119 | 20 58 31 . 10 Thermal 52 | . . 1 51 . Explosive . | . . . . . Electromagnetic . | . . . . . Robot Hit Streak 11 | 5 5 11 5 4 Robot Miss Streak 5 | 2 5 3 3 1 Penetration Max . | . . . . . Secondary Targets 1 | . 1 . . . Max Gunslinging Chain 1 | . 1 . . . Shots Hit Robots 100 | 11 29 19 34 7 Core Hits 46 | 4 15 11 11 5 Critical Kills . | . . . . . Critical Parts Destroyed . | . . . . . Critical Strikes . | . . . . . Melee Attacks 8 | . . . 8 . Impact . | . . . . . Slashing . | . . . . . Piercing . | . . . . . Sneak Attacks 8 | . . . 8 . Combat Hostiles . | . . . . . Follow-up Attacks . | . . . . . Damage Inflicted 1601 | 112 302 258 840 89 Guns 730 | 112 289 240 . 89 Cannons . | . . . . . Explosions 13 | . 13 . . . Melee . | . . . . . Ramming 18 | . . 18 . . Kinetic 730 | 112 289 240 . 89 Thermal 840 | . . . 840 . Explosive . | . . . . . Electromagnetic 13 | . 13 . . . Impact . | . . . . . Slashing . | . . . . . Piercing . | . . . . . Highest Corruption . | . . . . . Average Corruption . | . . . . . Corruption Purged . | . . . . . Corruption Blocked . | . . . . . Overload Shots . | . . . . . Overflow Damage 12 | . . . 12 . Projectiles 12 | . . . 12 . Explosions . | . . . . . Melee . | . . . . . Knockbacks . | . . . . . Impact . | . . . . . Kinetic . | . . . . . Secondary . | . . . . . Self-Inflicted Damage . | . . . . . Shots . | . . . . . Rammed 3 | . . 3 . . Targets Rammed 3 | . . 3 . . Kicked . | . . . . . Crushed . | . . . . . Highest Temperature 352 | . 25 45 352 8 Average Temperature 127 | . 8 10 158 5 Received Heat Transfer 268 | . 126 102 . 40 Effects 6 | . . . 6 . Energy Bleed 4 | . . . 4 . Interference 2 | . . . 2 . Siege Activations . | . . . . . Robots Corrupted . | . . . . . Combat Hostiles . | . . . . . Parts Fried . | . . . . . Impact Corruptions . | . . . . . Robots Melted . | . . . . . Combat Hostiles . | . . . . . Parts Melted . | . . . . . Heat Transferred 1750 | . . . 1750 . Parts Sabotaged . | . . . . . Parts Stolen . | . . . . . Parts Stripped . | . . . . . Power Chain Reactions . | . . . . . Alert | -11 -10 -10 -10 -9 ------- Run | Yrd Mat Min Exi Min Peak Influence 174 | 15 174 81 . 90 Initial 9 | . 9 . . . Average 28 | 6 25 25 . 86 Maximum Alert Level . | . . . . . Low Security (%) 100 | 100 100 100 . 100 Level 1 . | . . . . . Level 2 . | . . . . . Level 3 . | . . . . . Level 4 . | . . . . . Level 5 . | . . . . . High Security . | . . . . . Max Security . | . . . . . Squads Dispatched 1 | . 1 . . . Investigation 1 | . 1 . . . Extermination . | . . . . . Reinforcement . | . . . . . Assault . | . . . . . Garrison . | . . . . . Intercept . | . . . . . Searches Triggered . | . . . . . Construction Impeded . | . . . . . Haulers Reinforced . | . . . . . Active Scanning Responses . | . . . . . Cargo Convoy Interrupts . | . . . . . Stealth | -11 -10 -10 -10 -9 --------- Run | Yrd Mat Min Exi Min Distress Signals . | . . . . . Communications Jammed . | . . . . . Distress Signals . | . . . . . Times Spotted 43 | . 10 14 . 19 Peak Tracking Total 11 | . 2 3 . 11 Tactical Retreats 1 | . . . . 1 Traps | -11 -10 -10 -10 -9 ------- Run | Yrd Mat Min Exi Min Traps Triggered 1 | . 1 . . . Indirectly 1 | . 1 . . . Trap Hack Attempts . | . . . . . Triggered . | . . . . . Disarmed . | . . . . . Reprogrammed . | . . . . . Reused . | . . . . . Traps Extracted . | . . . . . Installed . | . . . . . Triggered . | . . . . . Machines | -11 -10 -10 -10 -9 ---------- Run | Yrd Mat Min Exi Min Machines Disabled 1 | . 1 . . . Max in Single Turn 1 | . 1 . . . Machines Repaired . | . . . . . Machines Dismantled . | . . . . . Machines Sabotaged . | . . . . . Overloaded Fab Kills . | . . . . . Hacking | -11 -10 -10 -10 -9 --------- Run | Yrd Mat Min Exi Min Machines Accessed 2 | . . . 2 . Terminals . | . . . . . Fabricators . | . . . . . Repair Stations . | . . . . . Recycling Units . | . . . . . Scanalyzers . | . . . . . Garrison Access . | . . . . . Total Hacks 5 | . . . 5 . Successful 5 | . . . 5 . Failed . | . . . . . Catastrophic . | . . . . . Database Lockouts . | . . . . . Manual 1 | . . . 1 . Terminals . | . . . . . Fabricators . | . . . . . Repair Stations . | . . . . . Recycling Units . | . . . . . Scanalyzers . | . . . . . Garrison Access . | . . . . . Terminal Hacks 5 | . . . 5 . Record 4 | . . . 4 . Derelict Proto ID Bank 1 | . . . 1 . Fabricator Hacks . | . . . . . Repair Station Hacks . | . . . . . Recycling Unit Hacks . | . . . . . Scanalyzer . | . . . . . Garrison Access Hacks . | . . . . . Unauthorized Hacks . | . . . . . Terminals . | . . . . . Fabricators . | . . . . . Repair Stations . | . . . . . Recycling Units . | . . . . . Scanalyzers . | . . . . . Garrison Access . | . . . . . Data Cores Recovered . | . . . . . Used . | . . . . . Hacking Detections . | . . . . . Full Trace Events . | . . . . . Feedback Events . | . . . . . Feedback Blocked . | . . . . . Robot Schematics Acquired . | . . . . . Robots Built . | . . . . . Authchips . | . . . . . Time . | . . . . . Total Robot Build Rating . | . . . . . Part Schematics Acquired . | . . . . . Parts Built . | . . . . . Authchips . | . . . . . Time . | . . . . . Total Part Build Rating . | . . . . . Parts Repaired . | . . . . . Time . | . . . . . Parts Recycled . | . . . . . Recycled Matter . | . . . . . Retrieved Matter . | . . . . . Retrieved Components . | . . . . . Parts Scanalyzed . | . . . . . Part Schematics Acquired . | . . . . . Parts Damaged . | . . . . . Bothacking | -11 -10 -10 -10 -9 ------------ Run | Yrd Mat Min Exi Min Used RIF Installer . | . . . . . Robots Hacked 6 | . . . 6 . Non-combat 3 | . . . 3 . Combat 3 | . . . 3 . Robot Hacks Applied 7 | . . . 7 . parse_system 7 | . . . 7 . Relay Couplers Released . | . . . . . Fabnet Peak Effective % . | . . . . . Robots Rewired . | . . . . . Allies Hacked . | . . . . . Hacks Repelled . | . . . . . Allies | -11 -10 -10 -10 -9 -------- Run | Yrd Mat Min Exi Min Total Allies 3 | . . 3 . . Largest Group 3 | . . 3 . . Highest-Rated Group 40 | . . 40 . . Highest-Rated Ally 16 | . . 16 . . Total Orders 1 | . . . 1 . STAY 1 | . . . 1 . Ally Attacks 29 | . . 29 . . Total Damage 207 | . . 207 . . Kills 7 | . . 7 . . Allies Corrupted . | . . . . . Allies Melted . | . . . . . Turrets Deployed 3 | . . . 3 . Intel | -11 -10 -10 -10 -9 ------- Run | Yrd Mat Min Exi Min Robot Analysis Total . | . . . . . Derelict Logs Recovered 3 | . . 2 . 1 Drone Launches . | . . . . . Drone Recoveries . | . . . . . Exploration | -11 -10 -10 -10 -9 ------------- Run | Yrd Mat Min Exi Min Turns Passed 5175 | 120 1453 1829 1545 228 Spaces Moved 1989 | 56 606 723 516 88 Core 7 | 7 . . . . Treads 1982 | 49 606 723 516 88 Legs . | . . . . . Wheels . | . . . . . Hover . | . . . . . Flight . | . . . . . Fastest Speed 50 | 50 160 240 240 240 Average Speed 232 | 146 223 240 240 242 Slowest Speed 320 | 160 240 240 240 320 Overloaded Moves . | . . . . . Propulsion Burnouts . | . . . . . Robots Hopped 1 | . . . 1 . Cave-ins Triggered . | . . . . . Exploration Rate (%) 57 | 5 85 97 75 26 Regions Visited 4 Branch Regions 3 Pre-discovered Areas 4 | . . 2 1 1 Known Exits Taken . | . . . . . Unknown Exits Taken 4 | 1 1 1 1 . Scrap Searched 2 | . . 1 . 1 Spaces Dug . | . . . . . Terrain Destroyed . | . . . . . Melee . | . . . . . Projectile . | . . . . . AOE . | . . . . . Terrain Rammed . | . . . . . Walls Destroyed . | . . . . . Machines Disabled . | . . . . . Actions | -11 -10 -10 -10 -9 --------- Run | Yrd Mat Min Exi Min Total 2271 | 73 653 786 666 93 Wait 104 | . 7 17 80 . Move 1983 | 55 605 722 513 88 Hop 1 | . . . 1 . Pick Up 21 | 1 10 7 3 . Fast Attach 9 | 7 . 1 1 . Attach 2 | . . 1 1 . Detach 2 | . . 2 . . Swap 15 | . 2 10 3 . Drop 12 | . . 7 5 . Fire 111 | 10 29 16 51 5 Melee 8 | . . . 8 . Ram . | . . . . . Kick . | . . . . . Crush 3 | . . 3 . . Escape Stasis . | . . . . . Rewire . | . . . . . Trap . | . . . . . Miscellaneous . | . . . . . Route ------- -11/Scrapyard -10/Materials (discovered 4 exits: [*Mat x2] / [*Min x2]) -10/Mines (discovered 4 exits: [*Mat x2] / *Exi / [*Sub]) -10/Exiles (discovered 2 exits: [*Min x2]) -9/Mines History --------- Turn | Location | Event 2 | -11/Scrapyard | Met Revision 17 10 | -11/Scrapyard | Discovered new exit (range 16) 121 | -11/Scrapyard | Entered Materials 139 | -10/Materials | Discovered new exit (range 14) 312 | -10/Materials | Build established: Mutant 550 | -10/Materials | Discovered new exit (range 5) 665 | -10/Materials | Discovered new exit (range 13) 1053 | -10/Materials | Discovered new exit (range 16) 1574 | -10/Materials | Entered Mines 1579 | -10/Mines | Learned location of Storage (-7) 1639 | -10/Mines | Core integrity fell below 50% 1817 | -10/Mines | Learned Materials interactive machine intel 1968 | -10/Mines | Build established: Scavenger-Mutant 2006 | -10/Mines | Assisted by bots powering up and referring to "LRC-V3" 2035 | -10/Mines | Received a Rocket Launcher from a helpful Derelict 2115 | -10/Mines | Deemed a non-threat by the Exiles lab entrance 2117 | -10/Mines | Discovered new exit (range 5) 2304 | -10/Mines | Discovered new exit (range 6) 2829 | -10/Mines | Discovered new exit (range 9) 2918 | -10/Mines | Excavation squad dispatched 2918 | -10/Mines | A large section of the Mines collapsed 3063 | -10/Mines | A weapon hastily lodged in a ceiling crevice suddenly fell to the ground 3303 | -10/Mines | Discovered new exit (range 6) 3403 | -10/Mines | Entered Exiles 3435 | -10/Exiles | Discovered new exit (range 15) 3463 | -10/Exiles | Met 8R-AWN 3538 | -10/Exiles | Met EX-HEX 3653 | -10/Exiles | Build established: Mutant 3713 | -10/Exiles | Met EX-DEC 3730 | -10/Exiles | Learned location of Zion (-7) 3827 | -10/Exiles | Visited The Gauntlet 3984 | -10/Exiles | Met EX-BIN 4038 | -10/Exiles | Aligned with FarCom system 4040 | -10/Exiles | Given EX-Vault access code 4098 | -10/Exiles | Opened EX-Vault 4149 | -10/Exiles | DAS Turret deployed 4151 | -10/Exiles | DAS Turret deployed 4154 | -10/Exiles | DAS Turret deployed 4492 | -10/Exiles | Found Modified TNC 4544 | -10/Exiles | Warned to stay clear of 0b10 Research branches 4921 | -10/Exiles | Discovered new exit (range 10) 4948 | -10/Exiles | Left Exiles lab with Modified TNC 4948 | -10/Exiles | Entered Mines 4953 | -9/Mines | Core integrity fell below 20% 5127 | -9/Mines | Assembled infested the area 5176 | -9/Mines | Self-destructed Last Messages --------------- 05157_ as-74841 sneak attacks. 05157_ as-60176 destroyed. 05157_ as-74841 destroyed. 05157_ D-53 Grenadier system corrupted by crushing effect. 05157_ D-53 Grenadier destroyed. 05157_ as-36239 destroyed. 05157_ as-34476 destroyed. 05157_ as-76980 destroyed. 05159_ as-49234 destroyed. 05163_ The unstable cave ceiling collapses. 05165_ Lgt. Treads destroyed. 05165_ Lgt. Armor Plating destroyed. 05165_ as-17708 destroyed. 05166_ The unstable cave ceiling collapses. 05166_ K-01 Serf collects debris. 05169_ D-53 Grenadier system corrupted by crushing effect. 05169_ D-53 Grenadier knocked back. 05169_ D-53 Grenadier misfires. 05170_ D-53 Grenadier system terminally corrupted. 05170_ K-01 Serf collects debris. Map ----- +----------------------------------------------------+ | ?????????????????????????????????????????????????? | | ?????????????????????????????????????????????????? | | ?????????????????????????????????????????????????? | | ?????????????????????????????????????????????????? | | ?????????????????????????????????????????????????? | | ?????????????????????????????????????????????????? | | ?????????????????????????????????????????????????? | | ?????????????????????????????????????????????????? | | ?????????????????????????????????????????????????? | | ?????????????????????????????????????????????????? | | ??????????????????????#??????????????????????????? | | ?????????????????? ?? ?????????????????????????? | | ?????????????????# #?# ?????????????????????????? | | ????????????????## ## ?????????????????????????? | | ???????????????## #????????????????????????? | | ???????????????# ????????????????????????? | | ????????????????? ????????????????????????? | | ?????????????????? ###?????????????????????? | | ???????????????????# ########??????????????? | | ##?###??????????????# #??????????????? | | #?# ??????????????# ## #??????????????? | | #?# ???????????????# # #??????????????? | | #?# ?????????????????# r ### #??????????? | | #?# ?????????????????# % #??????????? | | #?# ###?????????????##r a * k #??????????? | | ##?# ##???????????## @ %= ## ###?????? | | #### ##??????????# = #?? | | ###???????## # # # $ #?? | | ##### ##????### #### #?###### #?? | | ###??# #???## a##??# #???????????? | | #### ##??# #???##### ####???????????? | | ## ##?# % #????????##??????????????? | | ### | #????????????????????????? | | ### ##????????????????????????? | | #?????????????????????????? | | a##?????????????????????????? | | #### #??????????????????????????? | | ### #??# ???????????????????????? | | ##?### #??#########??????????????????????? | | #????## #?????????????????????????????????? | | ?????# ##?????????????????????????????????? | | ????? ##??????????????????????????????????? | | # ##???# #???????????????????????????????????? | | ####????## ##???????????????????????????????????? | | ?????????####????????????????????????????????????? | | ?????????????????????????????????????????????????? | | | | | | | | | +----------------------------------------------------+ Best States ------------- Heat Dissipation 25 Energy Generation 14 Energy Capacity 250 Matter Stores 300 Matter Capacity 300 Sight Range 16 Terrain Scan Density 10 Armor Coverage 150 Evasion (%) 40 Recoil Reduction 2 Item Schematics ----------------- None Robot Schematics ------------------ None Fabricated ------------ Nothing Alien Tech Used ----------------- None Achievements -------------- None Challenges ------------ None Game ------ Seed DroneAlertBooster Manual? 0 Play Time 00:21:23 Cumulative 68.7 hours Start 2024.04.10 @ 16:15:45 End 2024.04.10 @ 19:06:50 Sessions 2 Manual Loads 0 Difficulty Rogue Special Mode None Game No. 66 Rogue 66 Adventurer 0 Explorer 0 Win Type - Total 1 Types 1/0/0/0/0/0/0/0/0 Lore% 30 Gallery% 46 Achievement% 40 Wizard Run 0 Options --------- Layout 0 ASCII 0 Keyboard 0 Movement Numpad Keybinds 0 Fullscreen 2 Font 24/Smallcaps Map View 76x50 Zoom Use 0% Tactical HUD 1 Map Filters NONE Filters NONE Steam 1 RUN: 3851b46a-0ddd-4a67-a56f-66aefcbb1885